 Dungeon Crawl Stone Soup version 0.23.2-33-g5129a83184 (webtiles) character file.

Game seed: 3616486303043995794

80 Lauz the Shield-Bearer (level 4, -12/29 HPs)
             Began as a Gargoyle Fighter on July 10, 2019.
             Killed by divine providence
             ... invoked by an orc priest
              (13 damage)
             ... on level 3 of the Dungeon.
             The game lasted 00:02:00 (1557 turns).

Lauz the Shield-Bearer (Gargoyle Fighter)           Turns: 1557, Time: 00:02:02

Health: -12/29     AC: 10    Str: 21    XL:     4   Next: 39%
Magic:  4/4        EV:  7    Int:  8    God:
Gold:   77         SH: 11    Dex:  9    Spells: 3/3 levels left

rFire    . . .     SeeInvis .   a - +0 flail
rCold    . . .     Gourm    .   c - +0 shield
rNeg     + . .     Faith    .   b - +0 scale mail
rPois    ∞         Spirit   .   (no helmet)
rElec    +         Reflect  +   (no cloak)
rCorr    .         Harm     .   (no gloves)
MR       .....                  (no boots)
Stlth    ..........             h - +2 amulet of reflection
HPRegen  0.09/turn              (no ring)
MPRegen  0.09/turn              (no ring)

@: about to teleport
A: negative energy resistance 1, electricity resistance, unbreathing,
petrification resistance, rot immunity, AC +3
a: no special abilities


You were on level 3 of the Dungeon.
You were near starving.

You visited 1 branch of the dungeon, and saw 3 of its levels.

You collected 77 gold pieces.

Inventory:

Hand Weapons
 a - a +0 flail (weapon)
Armour
 b - a +0 scale mail (worn)
 c - a +0 shield (worn)
Jewellery
 h - a +2 amulet of reflection (around neck)
Scrolls
 e - 2 scrolls of remove curse {unknown}
 l - a scroll of fog
 n - a scroll of random uselessness {unknown}
Potions
 d - a potion of might
 g - 3 potions of curing {unknown}
 i - 2 potions of degeneration {unknown}
 k - a potion of heal wounds {unknown}
Comestibles
 f - 3 rations


   Skills:
 + Level 3.7 Fighting
 + Level 2.7 Maces & Flails
 + Level 3.7 Armour
 + Level 0.7 Dodging
 * Level 1.3 Stealth
 + Level 3.9 Shields


You had 3 spell levels left.
You didn't know any spells.
Your spell library was empty.

Dungeon Overview and Level Annotations

Branches:
Dungeon (3/15)

Altars:
Ru
Sif Muna


Innate Abilities, Weirdness & Mutations

You are resistant to torment.
Your stone body is resilient. (AC +3)
You are immune to poison.
You resist negative energy. (rN+)
You are resistant to electric shocks. (rElec)
You can survive without breathing.
You are immune to petrification.
You are immune to rotting.


Message History

You hit the orc priest.
The orc priest is almost dead.
The orc priest hits you but does no damage.
You block the orc priest's attack.
As you read the scroll labeled LUSTIRHAEDA, it crumbles to dust.
It is a scroll of identify.
l - a scroll of fog The orc priest mumbles some strange prayers to Beogh against you.
Beogh smites you!
Ouch! That really hurt!
* * * LOW HITPOINT WARNING * * *
The orc priest completely misses you.
The orc wizard hits you but does no damage.
As you read the scroll labeled ETIX XUSSULIGO, it crumbles to dust.
You feel strangely unstable.
It was a scroll of teleportation.
The orc priest hits you with a cursed -2 flail.
* * * LOW HITPOINT WARNING * * *
The orc priest calls down the wrath of Beogh upon you.
Beogh smites you!
You die...

..≈.. #.# ≈≈≈..
#.# .# ≈≈≈..##.#
.#
≈≈≈≈..#.###.####
....o...........
......o.........
#.....oo........
......o@........
######.#.)......
#..........
##.###.####
#.###.# #..##.#
##.##.# #.##.#
##### #.##.#
#...#


You could see 2 orc priests, an orc wizard and 2 orcs.

Vanquished Creatures
  2 adders (D:2)
  A worm (D:3)
  4 dart slugs
  2 leopard geckos
  An orc (D:3)
  5 bats
  3 giant cockroaches
  2 goblins (D:1)
  6 hobgoblins
  3 jackals (D:1)
  2 quokkas (D:2)
  5 frilled lizards
  5 kobolds
  6 rats
47 creatures vanquished.

Notes
Turn   | Place    | Note
-------+----------+-------------------------------------------
     0 | D:1      | Lauz the Gargoyle Fighter began the quest for the Orb.
     0 | D:1      | Reached XP level 1. HP: 14/14 MP: 1/1
    64 | D:1      | Reached XP level 2. HP: 18/19 MP: 2/2
   391 | D:1      | Reached XP level 3. HP: 23/23 MP: 3/3
   946 | D:2      | Reached skill level 1 in Stealth
  1077 | D:2      | Reached XP level 4. HP: 22/29 MP: 4/4
  1293 | D:2      | Found a deep blue altar of Sif Muna.
  1315 | D:2      | Found a sacrificial altar of Ru.
  1557 | D:3      | HP: 1/29 [orc priest/cursed -2 flail (3)]
  1557 | D:3      | Killed from afar by an orc priest

Skill      XL: |  1  2  3 |
---------------+----------+-----
Stealth        | 1 |  1.3
Fighting       | |  3.7
Maces & Flails | |  2.7
Armour         | |  3.7
Dodging        | |  0.7
Shields        | |  3.9

Action                   |  1- 3 |  4- 6 || total
-------------------------+-------+-------++-------
Melee: Flail             |   156 |    44 ||   200
  Use: Scroll            |       |     2 ||     2
  Eat: Chunk             |       |     1 ||     1
Armor: Scale mail        |   110 |    17 ||   127
Dodge: Dodged            |    55 |    10 ||    65
Block: Shield            |    89 |    19 ||   108
